 Dungeon Crawl Stone Soup version 0.31.0-4-g52a2dc7128 (webtiles) character file.

Game seed: 12707101394183987218

73 Xavori the Trooper (level 4, -1/35 HPs)
             Began as a Djinni Chaos Knight on Jan 22, 2024.
             Was a Plaything of Xom.
             Slain by Crazy Yiuf
             ... wielding a +3 quarterstaff of chaos
              (12 damage)
             ... on level 2 of the Dungeon.
             The game lasted 00:01:42 (9923 turns).

Xavori the Trooper (Djinni Chaos Knight)            Turns: 9923, Time: 00:01:43

Health: -1/35      AC:  5    Str:  9      XL:     4   Next: 51%
Gold:   166        EV: 12    Int: 14      God:    Xom [......] SH:  0 Dex: 13 (14)

rFire   + + .        a - +0 falchion (chaos)
rCold   x . .        (no shield)
rNeg    . . .        b - +2 leather armour
rPois   ∞            (helmet restricted)
rElec   +            (no cloak)
rCorr   .            (no gloves)
SInv    .            (boots unavailable)
Will    .....        (no amulet)
Stlth   +            (no ring)
HPRegen 0.25/turn    (no ring)
MPRegen 0.00/turn

%: random rage (3%), infuse magic (-2 HP)
@: mighty, flying
A: sickness immunity, fire resistance 2, cold vulnerability 1, float, innate
caster, HP casting, extra vitality 1, antennae 1, berserk 1, deterioration 1,
mutation resistance 2, electricity resistance, weak 1
a: Renounce Religion


You were on level 2 of the Dungeon.
You worshipped Xom.
You were a very special plaything of Xom.
You visited 1 branch of the dungeon, and saw 2 of its levels.

You collected 166 gold pieces.

Inventory:

Hand Weapons
 a - a +0 falchion of chaos (weapon)
Armour
 b - a +2 leather armour (worn)
Wands
 k - a wand of roots (10)
Scrolls
 c - a scroll of butterflies
 d - a scroll of enchant weapon {unknown}
 e - 2 scrolls of identify {unknown}
 h - a scroll of summoning {unknown}
 i - a scroll of amnesia {unknown}
 l - a scroll of blinking {unknown}
Potions
 f - a potion of brilliance {unknown}
 g - a potion of degeneration {unknown}
 j - a potion of curing {unknown}
 m - a potion of might {unknown}
 n - a potion of attraction {unknown}


   Skills:
 + Level 3.4 Fighting
 + Level 3.3 Long Blades
 + Level 2.0 Armour
 + Level 2.6 Dodging
 * Level 0.7 Spellcasting
 * Level 0.7 Conjurations
 * Level 0.7 Hexes
 * Level 0.7 Summonings
 * Level 0.7 Necromancy
 * Level 0.7 Translocations
 * Level 0.7 Fire Magic
 * Level 0.7 Ice Magic
 * Level 0.7 Air Magic
 * Level 0.7 Earth Magic
 * Level 0.7 Alchemy


You knew the following spells:

 Your Spells              Type           Power      Damage    Failure   Level
a - Summon Small Mammal   Summ           8%         N/A       28%         1
Your spell library was empty.

Dungeon Overview and Level Annotations

Branches:
Dungeon (2/15)

Altars:

Annotations:
D:2 Crazy Yiuf


Innate Abilities, Weirdness & Mutations

You are immune to sickness and miasma.
You are immune to poison.
Your flesh is very heat resistant. (rF++)
You are vulnerable to cold. (rC-)
You float through the air rather than walking.
You learn spells naturally, not from books.
Your magical power is your life essence.
You have superior vitality. (+4 MHP)
You have a pair of small antennae on your head.
You sometimes lose your temper in combat.
Your body sometimes deteriorates upon taking damage.
You are somewhat resistant to both further mutation and mutation removal.
You are resistant to electric shocks. (rElec)
You are weak. (Str -2)


Message History

Found a pair of boots.
No target in view!
No target in view!
You see here a +0 pair of boots.
You see here 7 stones.
No reachable target in view!
Could not explore, unopened runed door.
No reachable target in view!
Key pressed, stopping explore.
No reachable target in view!
No reachable target in view!
Could not explore, unopened runed door.
No reachable target in view!
You reach down and open the door.
Crazy Yiuf shouts!
There is an open translucent door here.
You hit Crazy Yiuf but do no damage. Crazy Yiuf misses you.
You barely miss Crazy Yiuf. Crazy Yiuf completely misses you.
Crazy Yiuf misses you.
You hit Crazy Yiuf but do no damage.
Crazy Yiuf seems to speed up.
Xom is amused.
Crazy Yiuf closely misses you.
You closely miss Crazy Yiuf.
Crazy Yiuf hits you with a +3 quarterstaff of chaos!
A shower of butterflies erupts from you!
Crazy Yiuf hits you with a +3 quarterstaff of chaos!
You feel very mighty all of a sudden.
Xom is highly amused!
You hit Crazy Yiuf. You drain Crazy Yiuf.
Crazy Yiuf is severely wounded.
Crazy Yiuf hits you with a +3 quarterstaff of chaos.
* * * LOW HITPOINT WARNING * * *
Crazy Yiuf hits you but does no damage.
You are too injured to fight recklessly!
You are too injured to fight recklessly!
You hit Crazy Yiuf.
You feel better.
Crazy Yiuf is almost dead.
Crazy Yiuf hits you with a +3 quarterstaff of chaos!
You die... "It's all fun and games until someone loses an eye."

.....# #...##...#...####
.....#######..###########
......##._.####
#####..#...# #........#
##### #........# #..)#
#........# #.b.#
#######..# #bg.# #.<# #@#
#..# ♣♣b♣ #..# ♣.♣♣ #..#
♣♣.♣ #.## ♣.♣♣ #.# ♣♣.♣♣
#.# ♣...♣♣ #.# ♣....♣ #.#
#....#


You could see Crazy Yiuf (fast, very drained, ally target).

Vanquished Creatures
  Terence (D:2)
  An adder (D:2)
  2 dart slugs
  5 ball pythons
  6 endoplasms
  A giant cockroach (D:2)
  4 hobgoblins
  3 kobolds
  2 quokkas (D:2)
  3 bats
  2 frilled lizards (D:2)
  6 rats
36 creatures vanquished.

Notes
Turn   | Place    | Note
-------+----------+-------------------------------------------
     0 | D:1      | Xavori the Djinni Chaos Knight began the quest for the Orb.
     0 | D:1      | Reached XP level 1. HP: 20/20 MP: 0/0
   130 | D:1      | XOM: silly message
   277 | D:1      | XOM: smoke on damage
   287 | D:1      | Reached XP level 2. HP: 21/25 MP: 0/0
   377 | D:1      | XOM: silly message
   399 | D:1      | XOM: divination: detect creatures
   511 | D:1      | XOM: divination: magic mapping
   688 | D:1      | XOM: silly message
   969 | D:1      | XOM: divination: magic mapping
  1027 | D:2      | Noticed Terence
  1038 | D:2      | Killed Terence
  1039 | D:2      | Reached XP level 3. HP: 16/30 MP: 0/0
  1039 | D:2      | Learned a level 1 spell: Summon Small Mammal
  1490 | D:1      | XOM: give mutations
  1490 | D:1      | Gained mutation: Your body sometimes deteriorates upon
                  | taking damage. [Xom's mischief]
  1490 | D:1      | Gained mutation: You are weak. (Str -2) [Xom's mischief]
  1490 | D:1      | Gained mutation: You are somewhat resistant to further
                  | mutation. [Xom's mischief]
  1537 | D:1      | XOM: summons 2 hostile demons
  1783 | D:1      | XOM: summons 2 hostile demons
  2812 | D:1      | XOM: summons 4 hostile shadow creatures
  2835 | D:2      | Reached XP level 4. HP: 29/35 MP: 0/0
  3172 | D:1      | XOM: summons 3 hostile demons
  3173 | D:1      | XOM: give mutations
  3173 | D:1      | Lost mutation: You are weak. (Str -2) [Xom's mischief]
  3173 | D:1      | Gained mutation: You are weak. (Str -2) [Xom's mischief]
  3173 | D:1      | Gained mutation: You sometimes lose your temper in combat.
                  | [Xom's mischief]
  3212 | D:2      | XOM: summons 3 hostile demons
  3969 | D:1      | XOM: noise
  4254 | D:1      | XOM: stat loss: -1 Int (13/14)
  4483 | D:1      | XOM: summons 2 hostile shadow creatures
  6409 | D:1      | XOM: give mutations
  6409 | D:1      | Gained mutation: You have a pair of small antennae on your
                  | head. [Xom's grace]
  6409 | D:1      | Gained mutation: You are partially covered in large bone
                  | plates. (SH +4) [Xom's grace]
  7015 | D:1      | XOM: cloud trail
  7351 | D:1      | XOM is BORED!
  7351 | D:1      | XOM: give mutation
  7351 | D:1      | Gained mutation: You are somewhat resistant to both further
                  | mutation and mutation removal. [Xom's mischief]
  7394 | D:1      | XOM: summons 3 hostile shadow creatures
  7523 | D:1      | XOM: give mutation
  7523 | D:1      | Gained mutation: You are resistant to electric shocks.
                  | (rElec) [Xom's mischief]
  7679 | D:1      | XOM: give mutation
  7679 | D:1      | Lost mutation: You are partially covered in large bone
                  | plates. (SH +4) [Xom's mischief]
  8325 | D:1      | XOM: summons 3 hostile demons
  9557 | D:2      | Found a faded altar of an unknown god.
  9589 | D:2      | Found a runed translucent door.
  9590 | D:2      | Noticed Crazy Yiuf
  9921 | D:2      | XOM: butterfly on damage
  9923 | D:2      | Slain by Crazy Yiuf

Illustrated notes

Levels and vault maps discovered:
D:1:      mrwooster_arrival_statue_3, layout_basic
D:2:      minmay_recursive_quarters, layout_rooms, basic_ecumenical_altar,
          chequers_serial_rivers_micro_c, nrook_campfire,
          hangedman_decor_opposing, uniq_crazy_yiuf_cottage, uniq_terence

Skill      XL: |  1  2  3  4 |
---------------+-------------+-----
Long Blades    | 3 |  3.3
Armour         | 2 |  2.0
Fighting       | |  3.4
Dodging        | |  2.6
Spellcasting   | |  0.7
Conjurations   | |  0.7
Hexes          | |  0.7
Summonings     | |  0.7
Necromancy     | |  0.7
Translocations | |  0.7
Fire Magic     | |  0.7
Ice Magic      | |  0.7
Air Magic      | |  0.7
Earth Magic    | |  0.7
Alchemy        | |  0.7

Action                     |  1- 3 |  4- 6 || total
---------------------------+-------+-------++-------
  Melee: Falchion          |    62 |    61 ||   123
         Punch             |     1 |       ||     1
   Stab: Paralysed         |       |     1 ||     1
 Armour: Leather armour    |    38 |    45 ||    83
  Dodge: Dodged            |    44 |    60 ||   104
